 Dungeon Crawl Stone Soup version 0.22.1-6-g1668fe2 (webtiles) character file.

141 retrovino the Skirmisher (level 5, -4/46 HPs)
             Began as a Draconian Fighter on Jan 18, 2019.
             Killed by divine providence
             ... invoked by an orc priest
              (12 damage)
             ... on level 3 of the Dungeon.
             The game lasted 00:14:26 (1912 turns).

retrovino the Skirmisher (Draconian Fighter)        Turns: 1912, Time: 00:14:27

Health: -4/46      AC:  5    Str: 19    XL:     5   Next: 3%
Magic:  5/5        EV: 11    Int:  9    God:
Gold:   54         SH:  9    Dex: 10    Spells: 4/4 levels left

rFire    . . .     SeeInvis .   a - +0 long sword
rCold    . . .     Gourm    .   b - +0 shield
rNeg     . . .     Faith    .   (armour unavailable)
rPois    .         Spirit   .   (helmet restricted)
rElec    .         Reflect  .   (no cloak)
rCorr    .         Harm     .   (no gloves)
MR       .....                  (no boots)
Stlth    +.........             (no amulet)
HPRegen  0.15/turn              (no ring)
MPRegen  0.09/turn              (no ring)

@: no status effects
A: unfitting armour, cold-blooded, AC +5
a: no special abilities


You were on level 3 of the Dungeon.
You were not hungry.

You visited 1 branch of the dungeon, and saw 3 of its levels.

You collected 54 gold pieces.

Inventory:

Hand Weapons
 a - a +0 long sword (weapon)
 i - a +0 whip
 j - a +0 whip
 n - a +0 short sword
Armour
 b - a +0 shield (worn)
 g - a +0 cloak
 l - a +0 leather armour
 m - a +0 ring mail
 p - a +0 robe
 q - a +0 ring mail
 s - a +0 robe
 v - a +0 chain mail
Wands
 t - a wand of digging (3)
Scrolls
 f - 2 scrolls of identify {unknown}
 k - a scroll of teleportation {unknown}
 o - a scroll of remove curse {unknown}
Potions
 c - a potion of might
 e - a potion of magic {unknown}
 h - a potion of heal wounds {unknown}
 r - a potion of mutation {unknown}
 u - a potion of degeneration {unknown}
 w - a potion of flight {unknown}
Comestibles
 d - 3 rations


   Skills:
 + Level 3.8 Fighting
 + Level 3.3 Long Blades
 + Level 3.5 Dodging
 + Level 0.7 Stealth
 + Level 3.7 Shields


You had 4 spell levels left.
You didn't know any spells.
Your spell library was empty.

Dungeon Overview and Level Annotations

Branches:
Dungeon (3/15)

Altars:


Innate Abilities, Weirdness & Mutations

Your plain brown scales are hard. (AC +5)
You cannot fit into any form of body armour.
You are cold-blooded and may be slowed by cold attacks.


Message History

a dagger; a robe; an orc corpse You barely miss Jessica.
Jessica barely misses you.
You hit Jessica but do no damage.
Your tail-slap misses Jessica.
Jessica hits you with a club.
The orc wizard gestures wildly while chanting.
The orc wizard blinks!
You block the orc's attack. Jessica hits you with a club.
You slash Jessica! You tail-slap Jessica.
You kill Jessica!
You have reached level 5!
The orc hits you with a club. You block the orc's attack.
You eat one of the 4 rations.
That ration really hit the spot!
The orc wizard mumbles some strange words.
The orc wizard blinks!
The orc priest mumbles some strange prayers to Beogh against you.
Beogh smites you!
* * * LOW HITPOINT WARNING * * *
The orc priest invokes the aid of Beogh against you.
Beogh smites you!
You die... .. .# .# .# .# .# #..#######.# ....ยง..@ooo# #...######## .

You could see an orc priest and 2 orcs.

Vanquished Creatures
  An orc wizard (D:3)
  Jessica (D:3)
  4 adders (D:2)
  2 oozes (D:2)
  A worm (D:2)
  A dart slug (D:1)
  A leopard gecko (D:2)
  A bat (D:2)
  2 giant cockroaches (D:2)
  5 hobgoblins
  A quokka (D:2)
  4 frilled lizards
  6 goblins
  6 kobolds
  7 rats
43 creatures vanquished.

Notes
Turn   | Place    | Note
-------+----------+-------------------------------------------
     0 | D:1      | retrovino the Draconian Fighter began the quest for the
                  | Orb.
     0 | D:1      | Reached XP level 1. HP: 19/19 MP: 1/1
   228 | D:1      | Reached XP level 2. HP: 19/26 MP: 2/2
  1137 | D:2      | Reached XP level 3. HP: 18/31 MP: 3/3
  1458 | D:2      | Reached XP level 4. HP: 27/40 MP: 4/4
  1901 | D:3      | Noticed Jessica
  1910 | D:3      | Killed Jessica
  1910 | D:3      | Reached XP level 5. HP: 19/46 MP: 5/5
  1912 | D:3      | Killed from afar by an orc priest

Skill      XL: |  1  2  3  4 |
---------------+-------------+-----
Dodging        | 3 |  3.5
Long Blades    | 3 |  3.3
Fighting       | |  3.8
Stealth        | |  0.7
Shields        | |  3.7

Action                   |  1- 3 |  4- 6 || total
-------------------------+-------+-------++-------
Melee: Long sword        |   109 |    28 ||   137
       Tailslap          |    12 |     4 ||    16
  Eat: Ration            |     1 |     1 ||     2
Armor: Skin              |    24 |     7 ||    31
Dodge: Dodged            |    33 |    11 ||    44
Block: Shield            |    63 |    18 ||    81
       Rpst.: Long sword |     6 |     3 ||     9
